 Dungeon Crawl Stone Soup version 0.30-a0-578-gdee14c521f (webtiles) character file.

Game seed: 17505171104391742064

393 PyroL the Insei (level 6, -5/38 HPs)
             Began as an Octopode Transmuter on Dec 31, 2022.
             Was an Initiate of Ashenzari.
             Succumbed to a gnoll sergeant's poison
             ... on level 5 of the Dungeon.
             The game lasted 00:08:20 (3873 turns).

PyroL the Insei (Octopode Transmuter)               Turns: 3873, Time: 00:08:21

Health: -5/38      AC:  2    Str: 10    XL:     6   Next: 81%
Magic:  1/9        EV: 21    Int: 23    God:    Ashenzari [......]
Gold:   249        SH:  0    Dex: 17    Spells: 3/9 levels left

rFire   . . .      SeeInvis .      - Unarmed
rCold   . . .      Faith    .    (shield currently unavailable)
rNeg    . . .      Spirit   +    (helmet currently unavailable)
rPois   x          Reflect  .    r - amulet of guardian spirit
rElec   .          Harm     .    g - ring of Ashenzari's Irritation {Int+6, Cun, Melee} (curse)
rCorr   .          Rampage  .    k - +4 ring of slaying
Will    .....                    m - ring of flight
Stlth   ++                       (no ring)
HPRegen 0.26/turn                (no ring)
MPRegen 0.11/turn                (no ring)
                                 (no ring)
                                 (no ring)

@: lethally poisoned (-5 -> -67), spider-form, wereblooded, flying
A: venomous fangs, almost no armour, (amphibious), 8 rings, tiny, (camouflage
1), (gelatinous body 1), (nimble swimmer 1), (tentacles)
a: End Transformation, Renounce Religion, Shatter the Chains


You were on level 5 of the Dungeon.
You worshipped Ashenzari.
Ashenzari was noncommittal.
You were a venomous arachnid creature.
You visited 1 branch of the dungeon, and saw 5 of its levels.

You collected 249 gold pieces.

Inventory:

Missiles
 i - 6 poisoned darts
 j - 5 atropa-tipped darts
Jewellery
 g - the cursed ring of Ashenzari's Irritation (left front leg) {Int+6, Cun, Melee}
   (You found it on level 1 of the Dungeon)

   [ring of intelligence]

   Int:       It affects your intelligence (+6).
   It has a curse which improves the following skills: Cunning: Dodging and
   Stealth.
   Melee Combat: Short Blades, Long Blades, Axes, Maces & Flails, Polearms,
   Staves and Unarmed Combat.
 k - a +4 ring of slaying (right front leg)
 m - a ring of flight (on tentacle)
 r - an amulet of guardian spirit (around neck)
 u - a ring of positive energy
Wands
 n - a wand of polymorph (14)
Scrolls
 b - a scroll of enchant armour
 c - 4 scrolls of teleportation
 f - 2 scrolls of vulnerability
 h - a scroll of fear
 l - a scroll of blinking {unknown}
 o - a scroll of brand weapon {unknown}
 s - a scroll of silence {unknown}
 t - a scroll of enchant weapon {unknown}
Potions
 a - a potion of lignification
 d - a potion of attraction {unknown}
 e - a potion of flight
 p - a potion of haste {unknown}
 q - a potion of might
 v - a potion of heal wounds {unknown}
 w - a potion of berserk rage {unknown}


   Skills:
 - Level 1.0 Fighting
 - Level 4.0(4.4) Dodging
 + Level 4.7(5.1) Unarmed Combat
 - Level 2.0 Spellcasting
 - Level 4.0 Transmutations
 - Level 3.0 Poison Magic


You had 3 spell levels left.
You knew the following spells:

 Your Spells              Type           Power      Damage    Failure   Level
a - Beastly Appendage     Tmut           40%        N/A       10%         1
b - Wereblood             Tmut           20%        N/A       12%         2
c - Spider Form           Tmut/Pois      18%        N/A       22%         3

Your spell library contained the following spells:

 Spells                   Type           Power      Damage    Failure   Level
 Blink                    Tloc           4%         N/A       38%         2
 Static Discharge         Conj/Air       4%         2-3/arc   38%         2
 Gell's Gravitas          Tloc           2%         N/A       58%         3
 Hailstorm                Conj/Ice       2%         3d3       58%         3
 Portal Projectile        Hex/Tloc       4%         N/A       58%         3
 Teleport Other           Tloc           2%         N/A       58%         3
 Tukima's Dance           Hex            2%         N/A       58%         3
 Vhi's Electric Charge    Tloc/Air       4%         N/A       58%         3
 Ice Form                 Ice/Tmut       11%        N/A       71%         4
 Blade Hands              Tmut           10%        N/A       77%         5
 Manifold Assault         Tloc           2%         N/A       90%         4
 Arcjolt                  Conj/Air       1%         1d11      99%         5
 Lightning Bolt           Conj/Air       1%         1d12      99%         5
 Dispersal                Tloc           1%         N/A       100%        6
 Simulacrum               Ice/Necr       1%         N/A       100%        6
 Storm Form               Tmut/Air       5%         N/A       100%        7


Dungeon Overview and Level Annotations

Branches:
Dungeon (5/15)
 Temple: D:4-7

Altars:
Ashenzari
Elyvilon
Fedhas
Vehumet
Yredelemnul


Innate Abilities, Weirdness & Mutations

You are a venomous arachnid creature.
You have poisonous fangs.
You are tiny and dextrous.
Your spellcasting is less reliable in this form.
Your armour is entirely melded.
You are incapable of wielding weapons or throwing items.
You cannot wear most types of armour.
((You are amphibious.))
You can wear up to eight rings at the same time.
((Your skin changes colour to match your surroundings (Stealth+).))
((Your rubbery body absorbs attacks. (AC +1, EV +1)))
((You are camouflaged when in or above water. (Stealth+)))
((You have tentacles for arms and can constrict up to eight enemies at once.))


Message History

Casting: Spider Form (quite dangerous; 22% risk of failure)
Confirm with . or Enter, or press ? or * to list all spells.
Your blood is infused with primal strength.
You hit the gnoll but do no damage.
The gnoll is poisoned.
The gnoll completely misses you. The gnoll hits you with a +0 club.
You barely miss the gnoll. The gnoll completely misses you.
You hit the gnoll.
The gnoll looks as sick as possible!
The gnoll is moderately wounded.
The gnoll misses you.
You hit the gnoll.
You feel a bit better.
You kill the gnoll!
You hiss as the wereblood boils in your veins!
You hear an angry hiss.
The gnoll sergeant barely misses you. The gnoll completely misses you.
The gnoll misses you. The gnoll sergeant misses you.
Things that are here:
a +0 club; a gnoll corpse You completely miss the gnoll sergeant.
Your transformation has ended.
The gnoll barely misses you. The gnoll sergeant closely misses you.
The gnoll barely misses you.
Casting: Wereblood (safe; 3% risk of failure)
Confirm with . or Enter, or press ? or * to list all spells.
You turn into a venomous arachnid creature.
The gnoll misses you.
The gnoll sergeant hits you with a +2 spear of venom!
You are poisoned.
The gnoll closely misses you. The gnoll sergeant blocks your attack.
You feel very sick. The gnoll barely misses you.
The gnoll hits you from afar with a +0 spear.
The gnoll sergeant completely misses you.
You feel very sick.
The gnoll sergeant hits you from afar with a +2 spear of venom!
* * * LOW HITPOINT WARNING * * *
You are more poisoned.
There is an open door here.
You die...

##### #.... ..... #...
####....###..#
.....#<.##...#
............# #
...........# .##
#..#......# ...#+
#..#......######.....#
#........s')gg........
#.........###g........
#..<......# ##....#...
#...........#
##.......
...........##.#
..$....
.#####.##..##.#
....... ......##.#
...#... .......##.#
.##+##. .... ..#


You could see a gnoll sergeant and 2 gnolls.

Vanquished Creatures
  A black bear (D:4)
  A centaur (D:4)
  A hound (D:4)
  An iguana (D:4)
  2 orc wizards (D:4)
  2 adders
  3 gnolls
  3 dart slugs
  4 orcs
  5 endoplasms (D:1)
  2 giant cockroaches
  6 goblins
  9 hobgoblins
  9 kobolds
  A quokka (D:2)
  5 ball pythons
  6 bats
  3 frilled lizards
  11 rats
75 creatures vanquished.

Notes
Turn   | Place    | Note
-------+----------+-------------------------------------------
     0 | D:1      | PyroL the Octopode Transmuter began the quest for the Orb.
     0 | D:1      | Reached XP level 1. HP: 13/13 MP: 3/3
   105 | D:1      | Reached skill level 1 in Poison Magic
   135 | D:1      | Reached XP level 2. HP: 18/18 MP: 5/5
   561 | D:1      | Reached XP level 3. HP: 16/23 MP: 6/6
  1095 | D:1      | Learned a level 2 spell: Wereblood
  1099 | D:1      | Learned a level 3 spell: Spider Form
  1378 | D:2      | Identified the +1 ring mail of the Wild Haggis {*Slow rPois
                  | Dex+2}
  1570 | D:2      | Reached XP level 4. HP: 28/28 MP: 5/7
  2040 | D:3      | Found a white marble altar of Elyvilon.
  2301 | D:3      | Found a blossoming altar of Fedhas.
  2541 | D:3      | Found a broken altar of Ashenzari.
  2557 | D:3      | Became a worshipper of Ashenzari the Shackled
  2783 | D:4      | Noticed a centaur
  2789 | D:4      | Killed a centaur
  2790 | D:4      | Reached XP level 5. HP: 31/33 MP: 4/8
  2792 | D:4      | Found a basalt altar of Yredelemnul.
  2837 | D:4      | Found a radiant altar of Vehumet.
  3141 | D:4      | Noticed a black bear
  3152 | D:4      | Killed a black bear
  3153 | D:4      | Reached XP level 6. HP: 26/38 MP: 5/9
  3728 | D:5      | Entered Level 5 of the Dungeon
  3873 | D:5      | Succumbed to a gnoll sergeant's poison

Illustrated notes

Levels and vault maps discovered:
D:1:      dpeg_arrival_three_bigger_balls, layout_basic,
          minmay_misc_feat_columns, reono_crystal_passage,
          minmay_rat_gold_closets
D:2:      minmay_wonky_spiral, layout_loops_corners
D:3:      layout_basic, lemuel_tele_altar, mainiacjoe_overflow_cross_hatched,
          mainiacjoe_overflow_paths
D:4:      layout_loops_ring, lemuel_crystal_altar, amcnicky_altar_gilded
D:5:      layout_loops_ring, zin_angel, minmay_pentangle, uniq_sigmund,
          uniq_menkaure

Skill      XL: |  1  2  3  4  5  6 |
---------------+-------------------+-----
Poison Magic   | 1 2 3 |  3.0
Transmutations | 3 4 |  4.0
Dodging        | 3 4 |  4.0
Unarmed Combat | 4 |  4.7
Fighting       | |  1.0
Spellcasting   | |  2.0

Action                   |  1- 3 |  4- 6 || total
-------------------------+-------+-------++-------
Melee: Unarmed           |    88 |    71 ||   159
       Kick              |    26 |    11 ||    37
       Constrict         |    21 |    13 ||    34
       Tentacles         |    13 |     6 ||    19
       Punch             |     2 |     1 ||     3
 Cast: Beastly Appendage |    28 |    22 ||    50
       Wereblood         |     1 |     1 ||     2
       Spider Form       |       |     6 ||     6
Invok: Curse Item        |       |     1 ||     1
  Use: Scroll            |     5 |     3 ||     8
 Stab: Sleeping          |     2 |     5 ||     7
Armor: Skin              |     8 |     2 ||    10
Dodge: Dodged            |    39 |    65 ||   104

Table legend: (Time is in decaauts)
 A = Elapsed time spent in this place.
 B = Non-inter-level travel time spent in this place.
 C = Inter-level travel time spent in this place.
 D = Time resting spent in this place.
 E = Time spent auto-exploring this place.
 F = Levels seen in this place.
 G = Mean time per level.
                   A        B        C        D        E       F      G
               +--------+--------+--------+--------+--------+-----+--------+
         Total |   3862 |   3737 |    125 |    173 |   2883 |   5 |  772.4 |
       Dungeon |   3862 |   3737 |    125 |    173 |   2883 |   5 |  772.4 |
               +--------+--------+--------+--------+--------+-----+--------+

Top non-repeatable levels by time:
     D:1: 1038 daAuts
     D:2: 958 daAuts
     D:4: 943 daAuts
     D:3: 778 daAuts
     D:5: 143 daAuts
